 Dungeon Crawl Stone Soup version 0.27-a0-393-gba1aca71f1 (webtiles) character file.

Game seed: 13819448117852140424

2932 CryoSword the Cutter (level 9, 0/47 HPs)
             Began as a Vine Stalker Warper on Feb 20, 2021.
             Was an Elder of Uskayaw.
             Slain by a yak (6 damage)
             ... on level 7 of the Dungeon.
             The game lasted 00:10:12 (5697 turns).

CryoSword the Cutter (Vine Stalker Warper)          Turns: 5697, Time: 00:10:12

Health: 0/47       AC:  8    Str: 13    XL:     9   Next: 80%
Magic:  0/13       EV: 13    Int: 13    God:    Uskayaw [****..]
Gold:   257        SH:  0    Dex: 18    Spells: 1/12 levels left

rFire    . . .     SeeInvis .   p - +0 rapier (freeze)
rCold    . . .     Faith    .   (no shield)
rNeg     + . .     Spirit   +   c - +1 ring mail
rPois    .         Reflect  .   v - +0 helmet
rElec    .         Harm     .   (no cloak)
rCorr    .         Rampage  .   (no gloves)
Will     +....                  u - +0 pair of boots
Stlth    +++.......             m - amulet of regeneration
HPRegen  2.15/turn              j - ring of positive energy
MPRegen  0.13/turn              (no ring)

@: no status effects
A: fangs 3, regeneration 1, magic shield, antimagic bite, no potion heal 3
a: Renounce Religion, Stomp, Line Pass


You were on level 7 of the Dungeon.
You worshipped Uskayaw.
Uskayaw was noncommittal.
You visited 2 branches of the dungeon, and saw 8 of its levels.

You collected 257 gold pieces.

Inventory:

Hand Weapons
 p - a +0 rapier of freezing (weapon)
   (You found it on level 3 of the Dungeon)
Missiles
 e - 5 boomerangs of dispersal {!f}
 t - 18 poisoned darts (quivered)
 x - 5 boomerangs
Armour
 c - a +1 ring mail (worn)
   (You found it on level 1 of the Dungeon)
 u - a +0 pair of boots (worn)
   (You found it on level 5 of the Dungeon)
 v - a +0 helmet (worn)
   (You found it on level 5 of the Dungeon)
Jewellery
 j - a ring of positive energy (left hand)
   (You found it on level 2 of the Dungeon)
 m - an amulet of regeneration (around neck)
   (You found it on level 2 of the Dungeon)
Wands
 y - a wand of paralysis (4)
   (You took it off Pikel on level 7 of the Dungeon)
Scrolls
 a - a scroll of amnesia {unknown}
 d - a scroll of blinking
 f - 3 scrolls of magic mapping
 h - 6 scrolls of teleportation {@r4}
 k - a scroll of enchant weapon {unknown}
 n - a scroll of immolation {!r}
 q - a scroll of enchant armour
 w - a scroll of identify {@r1}
Potions
 b - 6 potions of curing {@q1}
 g - a potion of invisibility {unknown}
 i - a potion of resistance {unknown}
 l - a potion of berserk rage {unknown}
 o - 2 potions of brilliance
 r - a potion of degeneration {unknown}
 s - 2 potions of flight {unknown}
 z - a potion of haste {unknown}


   Skills:
 + Level 5.1 Fighting
 * Level 7.1 Short Blades
 - Level 0.8 Throwing
 - Level 0.7 Armour
 - Level 4.0 Dodging
 + Level 6.8 Stealth
 - Level 2.1 Spellcasting
 + Level 6.0 Translocations
 * Level 3.1 Invocations


You had one spell level left.
You knew the following spells:

 Your Spells              Type           Power        Failure   Level
a - Blink                 Tloc           N/A          7%          2
b - Gell's Gravitas       Tloc           8%           13%         3
c - Lesser Beckoning      Tloc           8%           13%         3
d - Teleport Other        Tloc           17%          13%         3

Your spell library contained the following spells:

 Spells                   Type           Power        Failure   Level
 Sandblast                Erth           2%           47%         1
 Manifold Assault         Tloc           17%          41%         4
 Passwall                 Tmut/Erth      0%           63%         2
 Stone Arrow              Conj/Erth      2%           85%         3
 Petrify                  Tmut/Erth      1%           99%         4
 Lee's Rapid Deconstruct  Erth           0%           100%        5


Dungeon Overview and Level Annotations

Branches:
Dungeon (7/15)             Temple (1/1) D:6

Altars:
Elyvilon
Gozag
Hepliaklqana
Sif Muna
Uskayaw
Vehumet
The Shining One

Shops:
D:6 *   D:7 :

Annotations:
D:3 3 runed translucent doors, TimeIsEndless's ghost, amateur DsAK
D:6 1 runed translucent door, pablusdiablus's ghost, novice MiBe


Innate Abilities, Weirdness & Mutations

You have razor-sharp teeth.
Your natural rate of healing is unusually fast.
When hurt, damage is shared between your health and your magic reserves.
Your bite disrupts and absorbs the magic of your enemies.
Potions cannot restore your health.


Message History

You hit the scorpion. You freeze the scorpion. You bite the scorpion.
You kill the scorpion!
You feel sick.
No target in view!
No target in view!
You feel sick.
You feel sick.
Found an escape hatch in the ceiling.
You feel sick.
You feel sick.
You can no longer pass through a line of other dancers.
You feel sick.
Found a stone staircase leading down.
You feel sick.
Found 8 stones.
You feel sick.
You feel sick.
You feel sick.
You feel sick.
You feel sick.
You are no longer poisoned.
Found an escape hatch in the floor.
Found a trident.
You see here a trident.
b - 6 potions of curing {@q1} (gained 1)
Found 20 bolts.
You see here a wand of polymorph (9).
You see here 20 bolts.
You see here a wand of polymorph (9).
A black bear comes into view.
Found 27 stones.
A black bear is nearby!
A black bear is nearby!
A black bear is nearby!
The helpless black bear fails to defend itself.
You impale the black bear!! You freeze the black bear.
You kill the black bear!
No target in view!
No target in view!
You pick up a book of Geomancy and begin reading...
You add the spells Sandblast, Passwall, Stone Arrow, Petrify and Lee's Rapid Deconstruction to your library.
You see here a robe.
An ice beast comes into view.
An ice beast is nearby!
An ice beast is nearby!
You closely miss the ice beast. The ice beast closely misses you.
You hit the ice beast. Your bite misses the ice beast.
The ice beast hits you but does no damage.
You hit the ice beast but do no damage. The ice beast hits you.
The ice beast freezes you!
You hit the ice beast but do no damage.
The ice beast hits you but does no damage.
You hit the ice beast. You hit the ice beast. Your bite misses the ice beast.
The ice beast hits you but does no damage.
You hit the ice beast but do no damage.
You bite the ice beast, but do no damage.
The ice beast hits you. The ice beast freezes you.
You hit the ice beast but do no damage.
You bite the ice beast, but do no damage.
The ice beast hits you. The ice beast freezes you.
You are too injured to fight recklessly!
You are too injured to fight recklessly!
You closely miss the ice beast. You bite the ice beast. You drain its power.
You feel invigorated.
The ice beast hits you but does no damage.
You puncture the ice beast! The ice beast completely misses you.
You can now pass through a line of other dancers.
You closely miss the ice beast. You hit the ice beast but do no damage.
You bite the ice beast. You drain its power.
You feel invigorated. The ice beast misses you.
You barely miss the ice beast. The ice beast hits you.
The ice beast freezes you.
You barely miss the ice beast.
The ice beast hits you but does no damage.
You hit the ice beast but do no damage. Your bite misses the ice beast.
The ice beast hits you but does no damage.
You closely miss the ice beast. The ice beast closely misses you.
You hit the ice beast. Your bite misses the ice beast.
You closely miss the ice beast. Your bite misses the ice beast.
The ice beast hits you. The ice beast freezes you.
You hit the ice beast.
You kill the ice beast!
Your Fighting skill increases to level 5!
You can no longer pass through a line of other dancers. 2 yaks come into view.
There are monsters nearby!
There are monsters nearby!
There are monsters nearby!
A yak comes into view.
Found a stone staircase leading up.
A yak comes into view.
The yak bellows!
You hear a bellow!
A yak comes into view.
You strike the helpless yak from behind!
You impale the yak!! You freeze the yak!
You kill the yak!
Your Short Blades skill increases to level 7!
Your Translocations skill increases to level 6!
You hit the yak. You freeze the yak. You bite the yak. You drain its power.
The yak misses you.
You can now pass through a line of other dancers.
You barely miss the yak.
The yak bellows!
You bite the yak, but do no damage. You hit the yak but do no damage.
You hit the yak. You freeze the yak. You bite the yak! You drain its power.
The yak gores you!
You hit the yak but do no damage. You bite the yak. You drain its power.
You feel invigorated.
You hit the yak but do no damage. The yak gores you!
You are too injured to fight recklessly!
You are too injured to fight recklessly!
You completely miss the yak. You bite the yak, but do no damage.
The yak gores you!
Your ring mail prevents you from hitting the yak.
The yak completely misses you.
You hit the yak but do no damage. The yak completely misses you.
You hit the yak. You freeze the yak. You bite the yak. You drain its power.
You feel invigorated. The yak closely misses you.
You closely miss the yak. You bite the yak. You drain its power.
You feel invigorated.
Uskayaw will force your foes to helplessly watch your dance.
Uskayaw prepares the audience for your solo!
The helpless yak fails to defend itself.
You skewer the yak like a kebab!!! You freeze the yak!
You kill the yak!
The yak is no longer paralysed. x2
Your Invocations skill increases to level 3!
The yak gores you. The yak gores you!
You see here a yak corpse.
You hit the yak. You freeze the yak. Your bite misses the yak.
The yak barely misses you. The yak misses you.
You stomp with the beat, sending a shockwave through the revellers around you!
The yak gores you!
* * * LOW HITPOINT WARNING * * *
The yak gores you.
* * * LOW HITPOINT WARNING * * *
You hit the yak. You freeze the yak. You bite the yak. You drain its power.
You feel invigorated. The yak gores you but does no damage. The yak misses you.
You hit the yak. You freeze the yak. Your bite misses the yak.
The yak gores you!
* * * LOW HITPOINT WARNING * * *
The yak closely misses you.
Uskayaw will force your foes to share their pain.
Uskayaw links your audience in an emotional bond!
You hit the yak but do no damage. The yak gores you!
* * * LOW HITPOINT WARNING * * *
The yak gores you!
You die...

#.# #####.#.# #. #.#
#.#.# ###.
#.#######.#.# #...
#...#.....#.# #.##
###.#.#####.#####.##
#.#.# #........##
#.#.# #........##
#.#.# #........##
#@#.# #.....[..#
#..YYY#.#
##........#
###.#.#.#
#..(......## #..<#.#
#...........
#######.#
#.......####
#.......# #.......#
##.###### #.......#
#.# #.......# #.#
#†......#


You could see 3 yaks.

Vanquished Creatures
  Pikel (D:7)
  Prince Ribbit (D:5)
  Grinder (D:4)
  2 yaks (D:7)
  Edmund (D:4)
  A sky beast (D:5)
  2 black bears
  3 ice beasts
  A lemure (D:7)
  2 centaurs
  A bullfrog (D:5)
  A scorpion (D:7)
  3 wights (D:6)
  A jelly (D:6)
  4 orc priests
  A bullfrog zombie (D:5)
  2 centaur skeletons (D:5)
  3 hounds
  An iguana (D:4)
  Terence (D:2)
  7 orc wizards
  3 worker ants (D:4)
  2 worker ant zombies (D:5)
  7 adders
  A shadow imp (D:5)
  3 white imps (D:5)
  An ufetubus (D:5)
  2 oozes (D:7)
  3 dart slugs
  A leopard gecko (D:2)
  17 orcs
  4 giant cockroaches
  2 goblins
  3 hobgoblins
  4 quokkas
  8 bats
  3 frilled lizards
  3 kobolds
  A leopard gecko zombie (D:5)
  A quokka skeleton (D:4)
  7 rats
116 creatures vanquished.

Vanquished Creatures (others)
  A fungus (D:3)
  3 plants (D:3)
4 creatures vanquished.

Grand Total: 120 creatures vanquished

Notes
Turn   | Place    | Note
-------+----------+-------------------------------------------
     0 | D:1      | CryoSword the Vine Stalker Warper began the quest for the
                  | Orb.
     0 | D:1      | Reached XP level 1. HP: 11/11 MP: 4/4
   251 | D:1      | Reached skill level 2 in Short Blades
   445 | D:1      | Reached XP level 2. HP: 15/15 MP: 6/6
   834 | D:2      | Reached skill level 1 in Stealth
   861 | D:2      | Found a faded altar of an unknown god.
  1072 | D:2      | Reached XP level 3. HP: 10/18 MP: 7/7
  1425 | D:2      | Noticed Terence
  1453 | D:2      | Killed Terence
  1454 | D:2      | Gained mutation: Your natural rate of healing is unusually
                  | fast. [Vine Stalker growth]
  1454 | D:2      | Reached XP level 4. HP: 11/23 MP: 4/8
  2199 | D:3      | Found a radiant altar of Vehumet.
  2292 | D:3      | Found a runed translucent gate.
  2294 | D:3      | Noticed a kobold brigand
  2297 | D:3      | Found a runed translucent gate.
  2297 | D:3      | Noticed TimeIsEndless's ghost (amateur DsAK)
  2313 | D:3      | Found a runed translucent gate.
  2369 | D:3      | Reached skill level 3 in Short Blades
  2587 | D:4      | Reached XP level 5. HP: 18/27 MP: 5/9
  2650 | D:4      | Noticed Edmund
  2696 | D:4      | Killed Edmund
  2697 | D:4      | Reached XP level 6. HP: 27/32 MP: 3/10
  3023 | D:4      | Noticed Grinder
  3056 | D:4      | Killed Grinder
  3057 | D:4      | Reached skill level 4 in Short Blades
  3057 | D:4      | Reached XP level 7. HP: 36/36 MP: 4/11
  3368 | D:5      | Entered Level 5 of the Dungeon
  3368 | D:5      | Noticed Prince Ribbit
  3776 | D:5      | Reached skill level 5 in Short Blades
  3776 | D:5      | Gained mutation: You have razor-sharp teeth. [Vine Stalker
                  | growth]
  3776 | D:5      | Reached XP level 8. HP: 40/41 MP: 9/12
  4216 | D:5      | Found a white marble altar of Elyvilon.
  4291 | D:5      | Became a worshipper of Elyvilon the Healer
  4403 | D:5      | Killed Prince Ribbit
  4404 | D:5      | Reached skill level 5 in Stealth
  4404 | D:5      | Reached skill level 5 in Translocations
  4500 | D:6      | Found a staircase to the Ecumenical Temple.
  4510 | Temple   | Entered the Ecumenical Temple
  4516 | Temple   | Fell from the grace of Elyvilon
  4516 | Temple   | Became a worshipper of Uskayaw the Reveller
  4572 | D:6      | Reached * piety under Uskayaw
  4585 | D:6      | Reached ** piety under Uskayaw
  4614 | D:6      | Found a runed translucent door.
  4615 | D:6      | Noticed pablusdiablus's ghost (novice MiBe)
  4649 | D:6      | Reached *** piety under Uskayaw
  4650 | D:6      | Reached skill level 6 in Short Blades
  4650 | D:6      | Reached **** piety under Uskayaw
  4656 | D:6      | Reached ***** piety under Uskayaw
  4692 | D:6      | Reached XP level 9. HP: 38/46 MP: 13/13
  4842 | D:6      | Found an opulent altar of Gozag.
  4845 | D:6      | Found Gozag's Platinum Reserve.
  5172 | D:7      | Learned a level 2 spell: Blink
  5176 | D:7      | Learned a level 3 spell: Gell's Gravitas
  5180 | D:7      | Learned a level 3 spell: Lesser Beckoning
  5184 | D:7      | Learned a level 3 spell: Teleport Other
  5268 | D:7      | Noticed Pikel
  5295 | D:7      | Killed Pikel
  5296 | D:7      | Reached skill level 1 in Invocations
  5443 | D:7      | Found Ofeipineec's Book Boutique.
  5647 | D:7      | Reached skill level 5 in Fighting
  5680 | D:7      | Reached skill level 7 in Short Blades
  5697 | D:7      | Slain by a yak

Illustrated notes

Levels and vault maps discovered:
D:1:      psy_arrival_dodecagon, layout_basic, minmay_misc_feat_room
D:2:      layout_loops_corners, chequers_ecumenical_altar_island, hex_medium,
          serial_bayou_pond_e, item_on_display_a, uniq_terence
D:3:      layout_basic, fiery_altar_vehumet, gammafunk_ghost_nasty_kobolds
D:4:      layout_basic, grunt_ministairs_8, uniq_grinder, uniq_edmund
D:5:      minmay_evil_eye, layout_basic, elyvilon_altar_3, uniq_prince_ribbit1
D:6:      layout_cave_pools, temple_doors_e, gammafunk_ghost_grave,
          hangedman_decor_slide_cut, minivault_11,
          nicolae_gozag_zags_fifth_avenue
D:7:      kennysheep_steamy, layout_basic, serial_shops, shop_fountains,
          uniq_pikel
Temple:   nicolae_temple_the_god_donut

Skill      XL: |  1  2  3  4  5  6  7  8  9 |
---------------+----------------------------+-----
Short Blades   | 2 3 4 5 6 7 |  7.1
Fighting       | 2 3 4 5 |  5.1
Stealth        | 1 2 3 4 5 6 |  6.8
Dodging        | 2 3 4 |  4.0
Translocations | 4 5 6 |  6.0
Invocations    | 3 |  3.1
Throwing       | |  0.8
Armour         | |  0.7
Spellcasting   | |  2.1

Action                   |  1- 3 |  4- 6 |  7- 9 || total
-------------------------+-------+-------+-------++-------
Melee: Short sword       |   112 |       |       ||   112
       Bite              |    30 |    32 |    96 ||   158
       Rapier            |       |   143 |   336 ||   479
Invok: Stomp             |       |       |     2 ||     2
  Use: Scroll            |       |     3 |     4 ||     7
       Potion            |       |       |     1 ||     1
 Stab: Sleeping          |       |     1 |     6 ||     7
       Paralysed         |       |       |     2 ||     2
       Distracted        |       |       |     2 ||     2
Armor: Ring mail         |    50 |    24 |    96 ||   170
       Leather armour    |     3 |       |       ||     3
Dodge: Dodged            |    66 |    68 |   159 ||   293

Table legend: (Time is in decaauts)
 A = Elapsed time spent in this place.
 B = Non-inter-level travel time spent in this place.
 C = Inter-level travel time spent in this place.
 D = Time resting spent in this place.
 E = Time spent auto-exploring this place.
 F = Levels seen in this place.
 G = Mean time per level.
                   A        B        C        D        E       F      G
               +--------+--------+--------+--------+--------+-----+--------+
         Total |   5686 |   5467 |    219 |    333 |   3921 |   8 |  710.8 |
       Dungeon |   5673 |   5454 |    219 |    333 |   3921 |   7 |  810.4 |
        Temple |     12 |     12 |      0 |      0 |      0 |   1 |   12.0 |
               +--------+--------+--------+--------+--------+-----+--------+

Top non-repeatable levels by time:
     D:2: 1178 daAuts
     D:5: 1053 daAuts
     D:4: 863 daAuts
     D:1: 697 daAuts
     D:3: 681 daAuts
     D:6: 670 daAuts
     D:7: 528 daAuts
  Temple: 12 daAuts
